 Dungeon Crawl Stone Soup version 0.22.1-2-g9c5b331 (webtiles) character file.

623 sverre the Basher (level 7, 0/41 HPs)
             Began as a Gargoyle Fighter on Dec 2, 2018.
             Shot with an arrow by a centaur (7 damage)
             ... on level 5 of the Dungeon.
             The game lasted 00:16:15 (4080 turns).

sverre the Basher (Gargoyle Fighter)                Turns: 4080, Time: 00:16:15

Health: 0/41       AC: 13    Str: 21    XL:     7   Next: 47%
Magic:  7/7        EV:  5    Int:  9    God:
Gold:   211        SH:  9    Dex: 14    Spells: 6/6 levels left

rFire    . . .     SeeInvis .   a - +0 flail
rCold    . . .     Gourm    .   c - +0 shield
rNeg     + . .     Faith    .   p - +0 chain mail
rPois    ∞         Spirit   .   (no helmet)
rElec    +         Reflect  .   (no cloak)
rCorr    .         Harm     .   (no gloves)
MR       .....                  (no boots)
Stlth    ..........             l - amulet of regeneration
HPRegen  0.53/turn              I - +5 ring of dexterity
MPRegen  0.10/turn              (no ring)

@: no status effects
A: negative energy resistance 1, electricity resistance, unbreathing,
petrification resistance, rot immunity, AC +4
a: no special abilities


You were on level 5 of the Dungeon.
You were not hungry.

You visited 1 branch of the dungeon, and saw 5 of its levels.
You also visited: Ossuary.

You collected 211 gold pieces.

Inventory:

Hand Weapons
 a - a +0 flail (weapon)
 q - a +2 flail of distortion
Missiles
 b - 2 tomahawks
 e - 144 stones (quivered)
 h - 5 javelins
Armour
 c - a +0 shield (worn)
 p - a +0 chain mail (worn)
 F - a +0 scale mail of positive energy
Jewellery
 l - an amulet of regeneration (around neck)
 I - a +5 ring of dexterity (left hand)
Scrolls
 g - 2 scrolls of enchant armour {unknown}
 i - 5 scrolls of identify {unknown}
 j - 2 scrolls of enchant weapon {unknown}
 m - a scroll of magic mapping {unknown}
 r - a scroll of blinking {unknown}
 t - 2 scrolls of fear {unknown}
 x - 2 scrolls of remove curse {unknown}
 y - 4 scrolls of random uselessness {unknown}
 z - 6 scrolls of immolation {unknown}
 D - 4 scrolls of amnesia {unknown}
Potions
 d - a potion of might
 k - a potion of invisibility {unknown}
 n - 4 potions of curing {unknown}
 o - 2 potions of cancellation {unknown}
 s - 4 potions of flight {unknown}
 u - 3 potions of heal wounds {unknown}
 v - 2 potions of lignification {unknown}
 w - 5 potions of degeneration {unknown}
 A - 2 potions of ambrosia {unknown}
 B - a potion of agility {unknown}
 C - 2 potions of mutation {unknown}
 E - a potion of berserk rage {unknown}
 H - a potion of haste {unknown}
Comestibles
 f - 7 rations
 G - 8 chunks of flesh


   Skills:
 - Level 3.2 Fighting
 + Level 8.0 Maces & Flails
 - Level 3.2 Armour
 - Level 0.4 Dodging
 - Level 3.2 Shields


You had 6 spell levels left.
You didn't know any spells.
Your spell library was empty.

Dungeon Overview and Level Annotations

Branches:
Dungeon (5/15)
 Temple: D:4-7

Altars:
Elyvilon


Innate Abilities, Weirdness & Mutations

You are resistant to torment.
Your stone body is resilient. (AC +4)
You are immune to poison.
You resist negative energy. (rN+)
You are resistant to electric shocks. (rElec)
You can survive without breathing.
You are immune to petrification.
You are immune to rotting.


Message History

An orc priest comes into view. It is wielding a hand axe.
You hit the orc.
The orc is almost dead.
The orc hits you but does no damage.
You completely miss the orc.
The orc is almost dead.
The orc hits you but does no damage.
The orc priest invokes the aid of Beogh against you.
Beogh smites you!
You hit the orc.
You kill the orc!
The orc priest calls down the wrath of Beogh upon you.
Beogh smites you!
The orc priest mumbles some strange prayers to Beogh against you.
Beogh smites you!
* * * LOW HITPOINT WARNING * * *
A centaur comes into view.
The centaur shouts!
The centaur wields a shortbow.
The centaur shoots an arrow.
The arrow hits you!
You die...

..# #...# ..# #...###
#c# #(.....
#.########...###
..######.#.............
.....#....o.....%.)...
#....).............
##.#..##.#####.>.###
#..@.o.o.# #.....
#)#####..# #.#.### ##.#
#..# #...# #..# #..#
#...# ######.# #..#
#......#####...
#...###.<........ ..
######..... .


You could see a centaur, 2 orc priests and an orc.

Vanquished Creatures
  A howler monkey (D:4)
  2 centaur zombies (Ossuary)
  2 human zombies (Ossuary)
  3 orc wizards
  An orc priest (D:5)
  Natasha (thrice) (D:2 D:3)
  2 worker ants (D:4)
  A hound skeleton (D:5)
  5 mummies (Ossuary)
  4 adders
  An ooze (D:2)
  3 worms (D:2)
  2 dart slugs (D:2)
  4 leopard geckos
  9 orcs
  5 giant cockroaches
  9 goblins
  6 hobgoblins
  4 jackals (D:1)
  2 ball pythons
  7 bats
  7 frilled lizards
  A gnoll zombie (Ossuary)
  A goblin zombie (Ossuary)
  A hobgoblin zombie (Ossuary)
  8 kobolds
  A kobold zombie (Ossuary)
  2 quokka skeletons (D:4)
  11 rats
108 creatures vanquished.

Vanquished Creatures (others)
  A quokka (D:3)
1 creature vanquished.

Grand Total: 109 creatures vanquished

Notes
Turn   | Place    | Note
-------+----------+-------------------------------------------
     0 | D:1      | sverre the Gargoyle Fighter began the quest for the Orb.
     0 | D:1      | Reached XP level 1. HP: 14/14 MP: 1/1
    88 | D:1      | Reached XP level 2. HP: 19/19 MP: 2/2
   221 | D:1      | Reached skill level 3 in Maces & Flails
   380 | D:1      | Reached XP level 3. HP: 23/23 MP: 3/3
   837 | D:2      | Noticed Natasha
   956 | D:2      | Killed Natasha
   956 | D:2      | Reached skill level 4 in Maces & Flails
   956 | D:2      | Reached XP level 4. HP: 23/28 MP: 4/4
  1917 | D:2      | Reached XP level 5. HP: 32/32 MP: 5/5
  1943 | D:2      | Reached skill level 5 in Maces & Flails
  2020 | D:3      | Noticed Natasha
  2029 | D:3      | Killed Natasha
  2357 | D:3      | Noticed Natasha
  2373 | D:3      | Killed Natasha
  2415 | D:3      | Reached skill level 6 in Maces & Flails
  2415 | D:3      | Reached XP level 6. HP: 37/37 MP: 6/6
  2503 | D:3      | Found a white marble altar of Elyvilon.
  2964 | D:4      | Found a sand-covered staircase.
  2971 | Ossuary  | Entered an ossuary
  3081 | Ossuary  | Reached skill level 7 in Maces & Flails
  3220 | Ossuary  | Reached XP level 7. HP: 41/41 MP: 7/7
  3996 | D:5      | Entered Level 5 of the Dungeon
  4058 | D:5      | Reached skill level 8 in Maces & Flails
  4080 | D:5      | Shot with an arrow by a centaur

Skill      XL: |  1  2  3  4  5  6  7 |
---------------+----------------------+-----
Maces & Flails | 3 4 6 7 8 |  8.0
Fighting       | |  3.2
Armour         | |  3.2
Dodging        | |  0.4
Shields        | |  3.2

Action                   |  1- 3 |  4- 6 |  7- 9 || total
-------------------------+-------+-------+-------++-------
Melee: Flail             |   105 |   239 |    67 ||   411
  Eat: Chunk             |       |     7 |     4 ||    11
Armor: Scale mail        |    55 |    49 |       ||   104
       Chain mail        |       |    60 |    45 ||   105
Dodge: Dodged            |    33 |    55 |    15 ||   103
Block: Shield            |    50 |    83 |    41 ||   174
